Map: Frozen Temple

Players

blackxored - Winner!

  • Race: Zerg Zerg
  • League: Platinum

Dredmegakill

  • Race: Zerg Zerg
  • League: Platinum

VOD

Have the link to the VOD?

Description

Time

  • Played on: June 30, 2016, 3:48 a.m.
  • Length: 16:26
Show
View Real Time Build Order
Export as new Build Order

blackxored Zerg - Winner!

Build Orders: Hatch First 

Get SALT Encoding   

  12  0:01  Drone  
  13  0:09  Drone  
  14  0:18  Overlord  
  14  0:23  Extractor  
  14  0:24  Drone  
  15  0:37  Drone x2  
  17  0:53  Hatchery  
  17  0:56  Drone  
  17  0:59  Drone  
  18  1:11  Extractor  
  17  1:14  Spawning Pool  
  17  1:16  Drone  
  17  1:20  Drone  
  18  1:27  Drone  
  19  1:40  Overlord  
  19  1:49  Drone  
  20  2:01  Zergling x2  
  20  2:03  Queen  
  20  2:04  Spine Crawler  
  20  2:06  Zergling x2  
  20  2:07  Queen  
  25  2:13  Zergling x2  
  25  2:14  Metabolic Boost  
  26  2:18  Zergling x2  
  28  2:33  Baneling Nest, Drone  
  28  2:43  Hatchery  
  27  2:50  Drone x2  
  29  3:00  Drone x3  
  32  3:08  Drone x2  
  34  3:14  Lair  
  34  3:20  Overlord  
  34  3:24  Baneling  
  34  3:27  Baneling  
  33  3:46  Drone x7  
  40  3:58  Overlord  
  40  4:01  Drone x3  
  43  4:03  Extractor  
  43  4:05  Drone  
  43  4:07  Drone x2  
  43  4:08  Drone  
  46  4:10  Zergling x2  
  46  4:11  Zergling x2  
  47  4:27  Extractor, Drone x6  
  47  4:28  Extractor  
  47  4:30  Drone  
  52  4:31  Drone x2  
  52  4:32  Drone  
  52  4:34  Queen  
  57  4:42  Spire  
  57  4:43  Overseer  
  56  4:50  Drone  
  56  4:52  Roach Warren  
  56  4:53  Drone x2  
  56  4:57  Overlord  
  56  4:59  Extractor  
  57  5:18  Drone  
  57  5:19  Drone x2  
  61  5:21  Drone x3  
  61  5:24  Extractor  
  62  5:31  Overlord x2  
  62  5:32  Overlord  
  62  5:39  Spore Crawler  
  62  5:40  Zergling x10  
  62  5:42  Baneling x2  
  65  5:43  Baneling  
  65  5:52  Drone x4  
  65  5:56  Mutalisk x2  
  65  5:57  Mutalisk x4  
  81  6:06  Mutalisk x2  
  85  6:11  Zerg Flyer Armor Level 1  
  85  6:18  Drone x3  
  86  6:19  Drone x2  
  86  6:20  Overlord  
  89  6:37  Overlord  
  89  6:46  Overlord x3  
  89  6:47  Hatchery  
  88  6:56  Drone x9  
  88  7:00  Overlord x3  
  97  7:05  Mutalisk x2  
  100  7:16  Mutalisk x4  
  100  7:22  Mutalisk x2  
  112  7:28  Mutalisk x3  
  112  7:29  Extractor  
  117  7:36  Mutalisk  
  119  7:44  Mutalisk x2  
  118  7:49  Mutalisk  
  121  7:52  Zergling x2  
  121  7:53  Zergling x18  
  129  8:02  Mutalisk x2  
  133  8:06  Zerg Flyer Weapons Level 1  
  133  8:08  Mutalisk  
  133  8:12  Drone  
  133  8:21  Mutalisk  
  133  8:24  Overlord x4  
  135  8:45  Mutalisk x3  
  135  8:46  Mutalisk x2  
  145  8:50  Spine Crawler  
  145  8:52  Spore Crawler  
  145  8:53  Extractor  
  142  8:58  Mutalisk x2  
  146  9:19  Drone x8  
  146  9:20  Drone x8  
  162  9:25  Infestation Pit  
  161  9:39  Mutalisk x3  
  167  9:48  Overlord  
  167  9:49  Overlord x3  
  167  10:04  Hive  
  167  10:06  Evolution Chamber  
  166  10:08  Evolution Chamber  
  166  10:13  Overlord  
  165  10:23  Mutalisk x4  
  165  10:24  Mutalisk x3  
  165  10:26  Zerg Flyer Weapons Level 2  
  173  11:07  Overseer  
  173  11:08  Mutalisk x13  
  195  11:30  Hatchery  
  195  11:32  Extractor  
  186  11:33  Extractor  
  183  11:46  Mutalisk  
  183  11:47  Mutalisk x7  
  175  11:50  Baneling  
  175  11:53  Drone x5  
  175  11:54  Drone x8  
  191  12:11  Ultralisk Cavern  
  191  12:13  Drone x2  
  191  12:16  Drone x2  
  191  12:30  Adrenal Glands  
  191  12:37  Drone x4  
  191  12:38  Drone x3  
  191  12:42  Zerg Flyer Armor Level 2  
  198  12:58  Chitinous Plating  
  198  13:09  Overlord  
  171  13:50  Drone x2  
  171  13:51  Drone  
  172  13:59  Ultralisk  
  172  14:00  Ultralisk x4  
  187  14:15  Ultralisk x2  
  176  15:07  Drone  
  176  15:08  Drone x9  
  176  15:09  Drone x6  
  176  15:10  Drone  
  188  15:26  Drone  
  184  15:51  Extractor  
Show
View Real Time Build Order
Export as new Build Order

Dredmegakill Zerg 

Build Orders: Hatch First, Muta Ling Bane 

Get SALT Encoding   

  12  0:01  Drone  
  13  0:12  Overlord  
  13  0:18  Drone  
  14  0:31  Drone x2  
  16  0:36  Drone  
  17  0:53  Hatchery  
  16  1:07  Spawning Pool  
  16  1:08  Drone  
  16  1:12  Extractor  
  16  1:13  Drone  
  16  1:17  Drone  
  17  1:21  Drone  
  18  1:30  Drone  
  19  1:40  Overlord  
  19  1:52  Drone  
  19  1:54  Queen  
  22  2:02  Drone  
  22  2:05  Drone  
  22  2:06  Queen  
  26  2:13  Drone  
  27  2:17  Drone  
  27  2:19  Metabolic Boost  
  28  2:28  Drone x2  
  30  2:35  Queen  
  32  2:43  Evolution Chamber  
  31  2:56  Evolution Chamber  
  31  2:57  Spine Crawler  
  29  2:59  Drone  
  29  3:00  Drone x5  
  35  3:10  Extractor  
  35  3:12  Overlord  
  34  3:14  Drone  
  34  3:15  Drone  
  34  3:19  Extractor, Zergling x2  
  36  3:25  Baneling Nest  
  35  3:27  Lair  
  35  3:29  Drone  
  35  3:32  Drone  
  35  3:33  Drone  
  38  3:45  Drone  
  38  3:46  Drone x4  
  43  3:54  Extractor  
  42  3:56  Drone x2  
  44  4:05  Overlord x2  
  44  4:09  Overlord  
  44  4:18  Zerg Melee Weapons Level 1  
  44  4:23  Zergling x4  
  44  4:24  Zergling x2  
  46  4:27  Drone x5  
  51  4:33  Spire  
  51  4:38  Drone x3  
  53  4:49  Overseer x2  
  53  4:53  Drone x2  
  55  5:01  Baneling x3  
  55  5:02  Baneling x3  
  55  5:08  Spore Crawler  
  55  5:10  Spore Crawler  
  53  5:15  Centrifical Hooks  
  50  5:43  Overlord x2  
  50  5:49  Mutalisk x5  
  56  5:52  Mutalisk  
  62  5:59  Zergling x12  
  68  6:27  Hatchery  
  68  6:29  Mutalisk x3  
  68  6:30  Mutalisk  
  75  6:41  Overlord  
  75  6:54  Overlord x2  
  75  6:55  Spore Crawler  
  75  6:57  Baneling x4, Spore Crawler  
  75  6:58  Baneling  
  75  7:01  Mutalisk  
  75  7:16  Mutalisk x2  
  79  7:27  Mutalisk  
  79  7:28  Mutalisk  
  83  7:32  Drone x5  
  87  7:48  Drone x5  
  73  8:17  Spore Crawler  
  73  8:18  Spore Crawler  
  73  8:19  Zergling x16, Spore Crawler  
  78  8:20  Spore Crawler  
  77  8:28  Spore Crawler  
  77  8:29  Spore Crawler  
  77  8:30  Spore Crawler  
  77  8:31  Spore Crawler  
  77  8:33  Infestation Pit, Queen, Spore Crawler  
  73  8:47  Baneling x3  
  73  8:48  Baneling x4  
  73  8:52  Spore Crawler  
  73  8:55  Drone  
  73  8:56  Drone x5  
  73  8:59  Drone x8  
  73  9:00  Drone x4  
  90  9:05  Extractor  
  89  9:22  Mutalisk x4  
  95  9:40  Overlord x8  
  95  9:41  Overlord  
  93  9:49  Pathogen Glands  
  91  9:53  Extractor  
  90  10:04  Spine Crawler  
  90  10:05  Spine Crawler  
  90  10:06  Spine Crawler  
  87  10:08  Drone x5  
  87  10:09  Drone x3  
  95  10:23  Baneling  
  95  10:24  Baneling x4  
  95  10:31  Spine Crawler  
  95  10:32  Spine Crawler  
  95  10:33  Spore Crawler  
  92  10:36  Spore Crawler, Drone x3  
  78  10:56  Mutalisk x4  
  78  10:57  Mutalisk x9  
  99  11:10  Evolution Chamber  
  98  11:12  Evolution Chamber x2  
  98  11:15  Drone x3  
  99  11:20  Drone, Spore Crawler x2  
  99  11:21  Drone x4  
  99  11:22  Spore Crawler  
  95  11:38  Spore Crawler  
  88  11:46  Spore Crawler x2  
  85  11:48  Spore Crawler  
  70  12:24  Mutalisk  
  70  12:25  Mutalisk x13  
  97  12:48  Overseer  
  97  13:02  Spine Crawler  
  96  13:13  Infestor x4  
  96  13:15  Infestor  
  51  14:11  Mutalisk x8  
  51  14:13  Zergling x2  
  51  14:14  Zergling x14  
  67  14:43  Infestor x3  
  64  15:05  Infestor x2  
Tags
 
Add a new tag
Caveats
  • Supply blocks, unpowered buildings, or Contaminate may cause inaccurate times.
  • Supply counts are checked every 10 seconds.